 Dungeon Crawl Stone Soup version 0.28-a0-751-gef3a642a4e (webtiles) character file.

Game seed: 13600189459191438748

10558 dolan1234 the Arsonist (level 11, -24/93 HPs)
             Began as a Yellow Draconian Fire Elementalist on Oct 30, 2021.
             Was a Believer of Sif Muna.
             Shot with a bolt by a tengu warrior (29 damage)
             ... on level 10 of the Dungeon.
             The game lasted 00:38:10 (11543 turns).

dolan1234 the Arsonist (DrFE)                      Turns: 11543, Time: 00:38:11

Health: -24/93     AC: 10    Str: 10    XL:     11   Next: 37%
Magic:  21/34      EV: 13    Int: 21    God:    Sif Muna [**....]
Gold:   535        SH:  0    Dex: 13    Spells: 18/30 levels left

rFire   + . .      SeeInvis .   E - +0 flail of Conflict {spect, rPois MP+9 Int+3}
rCold   x . .      Faith    .   (no shield)
rNeg    + . .      Spirit   .   (armour unavailable)
rPois   +          Reflect  .   (helmet restricted)
rElec   .          Harm     .   f - +0 cloak
rCorr   +          Rampage  .   p - +0 pair of gloves
Will    .....                   I - +0 pair of boots
Stlth   ++........              K - amulet of magic regeneration
HPRegen 0.25/turn               w - ring of positive energy
MPRegen 0.49/turn               l - ring of fire

@: no status effects
A: spit acid, AC +7, unfitting armour, cold-blooded, acid resistance
a: Breathe Acid, Renounce Religion, Channel Magic


You were on level 10 of the Dungeon.
You worshipped Sif Muna.
Sif Muna was pleased with you.
You visited 1 branch of the dungeon, and saw 10 of its levels.
You also visited: Bailey.

You collected 535 gold pieces.

Inventory:

Hand Weapons
 m - a +2 short sword of speed
 s - the +9 hunting sling "Safox" {freeze, *Slow rCorr Dex+3}
   (You found it on level 4 of the Dungeon)

   Any ammunition fired from it freezes those it strikes, dealing additional
   cold damage.
   It can also slow down cold-blooded creatures.
   Dex:       It affects your dexterity (+3).
   rCorr:     It protects you from acid and corrosion.
   *Slow:     It may slow you when you take damage.
 E - the +0 flail of Conflict (weapon) {spect, rPois MP+9 Int+3}
   (You found it on level 6 of the Dungeon)

   When its wielder attacks, the weapon's spirit leaps out and strikes again.
   The spirit shares a part of any damage it takes with its wielder.
   Int:       It affects your intelligence (+3).
   rPois:     It protects you from poison.
   MP:        It affects your magic capacity (+9).
Missiles
 M - a throwing net
Armour
 f - a +0 cloak (worn)
 p - a +0 pair of gloves (worn)
 I - a +0 pair of boots (worn)
Jewellery
 g - a ring of resist corrosion
 l - a ring of fire (right hand)
 w - a ring of positive energy (left hand)
 y - an amulet of faith
 D - an amulet of regeneration
 K - an amulet of magic regeneration (around neck)
 P - a ring of poison resistance
Wands
 a - a wand of iceblast (6)
 h - a wand of polymorph (11)
 B - a wand of paralysis (32)
 N - a wand of digging (5)
 O - a wand of flame (26)
Scrolls
 b - 5 scrolls of amnesia {unknown}
 c - 3 scrolls of noise {unknown}
 d - 4 scrolls of enchant weapon {unknown}
 i - 7 scrolls of identify {unknown}
 k - 4 scrolls of teleportation {unknown}
 o - a scroll of brand weapon {unknown}
 t - a scroll of magic mapping {unknown}
 u - 3 scrolls of fear {unknown}
 z - 3 scrolls of vulnerability {unknown}
 A - a scroll of enchant armour {unknown}
 F - a scroll of summoning {unknown}
 G - a scroll of holy word {unknown}
 J - a scroll of silence {unknown}
Potions
 e - 3 potions of haste {unknown}
 j - 2 potions of brilliance {unknown}
 n - 3 potions of degeneration {unknown}
 q - a potion of cancellation {unknown}
 r - a potion of berserk rage {unknown}
 v - 6 potions of curing
 x - 2 potions of magic {unknown}
 C - 8 potions of flight
 H - 2 potions of heal wounds
 L - a potion of invisibility {unknown}


   Skills:
 * Level 7.7 Fighting
 - Level 1.2 Short Blades
 + Level 4.2 Maces & Flails
 + Level 4.7 Dodging
 - Level 2.4 Stealth
 * Level 10.3 Spellcasting
 + Level 2.4 Conjurations
 * Level 10.5 Fire Magic


You had 18 spell levels left.
You knew the following spells:

 Your Spells              Type           Power      Damage    Failure   Level
a - Foxfire               Conj/Fire      100%       2x1d9     1%          1
b - Scorch                Fire           100%       2d10      1%          2
c - Conjure Flame         Conj/Fire      55%        6-21      1%          3
d - Flame Wave            Conj/Fire      55%        3d10      4%          4
e - Blink                 Tloc           20%        N/A       10%         2

Your spell library contained the following spells:

 Spells                   Type           Power      Damage    Failure   Level
 Magic Dart               Conj           84%        1d7       2%          1
 Inner Flame              Hex/Fire       49%        N/A       2%          3
 Sandblast                Erth           20%        2d7       6%          1
 Call Imp                 Summ           10%        N/A       10%         2
 Passwall                 Tmut/Erth      8%         N/A       10%         2
 Stone Arrow              Conj/Erth      32%        3d9       12%         3
 Mephitic Cloud           Conj/Pois/Air  14%        N/A       14%         3
 Gell's Gravitas          Tloc           5%         N/A       19%         3
 Lesser Beckoning         Tloc           10%        N/A       19%         3
 Portal Projectile        Hex/Tloc       20%        N/A       19%         3
 Swiftness                Air            10%        N/A       19%         3
 Teleport Other           Tloc           10%        N/A       19%         3
 Blade Hands              Tmut           5%         N/A       87%         5
 Excruciating Wounds      Necr           5%         N/A       87%         5
 Manifold Assault         Tloc           10%        N/A       87%         5
 Dispersal                Tloc           5%         N/A       100%        6
 Invisibility             Hex            5%         N/A       100%        6


Dungeon Overview and Level Annotations

Branches:
Dungeon (10/15)            Temple (0/1) D:7          Bailey (visited)
   Lair: D:8-11         Orc: D:9-12

Altars:
Ashenzari
Cheibriados
Fedhas
Gozag
Makhleb
Nemelex Xobeh
Okawaru
Ru
Sif Muna
Wu Jian
Yredelemnul
Zin

Shops:
D:1 [   D:5 (


Innate Abilities, Weirdness & Mutations

You can spit globs of acid.
Your golden yellow scales are hard. (AC +7)
You cannot fit into any form of body armour.
You are cold-blooded and may be slowed by cold attacks.
You are resistant to acid. (rCorr)


Message History

The flame wave engulfs the tengu warrior!!
The tengu warrior is moderately wounded.
The flame wave engulfs the death knight!
The death knight is severely wounded.
The flame wave engulfs the wind drake!!
The wind drake is severely wounded.
You finish channelling waves of flame.
The death knight reflects your damage back at you!
The boulder beetle closely misses you. The death knight misses you.
The boulder beetle misses you.
The death knight hits you from afar with a +0 glaive!
Casting: Flame Wave (dangerous; 4% risk of failure)
Confirm with . or Enter, or press ? or * to list all spells.
Casting: Flame Wave (dangerous; 4% risk of failure)
Press: ? - help, Dir - look around, f - activate You feel a surge of power!
A wave of flame ripples out!
The flame wave engulfs the boulder beetle!
The boulder beetle is severely wounded. (Press . to intensify the flame waves.)
The boulder beetle leaps!
The death knight barely misses you.
The tengu warrior unwields a +2 vorpal long sword.
The tengu warrior wields a +0 arbalest.
The tengu warrior shoots a bolt.
The bolt hits you!
* * * LOW HITPOINT WARNING * * *
The wind drake exhales a fierce blast of wind!
A wave of flame ripples out!
The flame wave engulfs the tengu warrior!
The tengu warrior is heavily wounded.
The flame wave engulfs the death knight!
The death knight is almost dead.
The flame wave engulfs the wind drake!
The wind drake is almost dead.
The death knight reflects your damage back at you!
* * * LOW HITPOINT WARNING * * *
A tengu warrior comes into view.
It is wielding a +2 antimagic battleaxe.
The death knight hits you from afar with a +0 glaive!
* * * LOW HITPOINT WARNING * * *
The wind drake begins repelling missiles!
The tengu warrior shoots a bolt.
The bolt hits you!!
You die...

#..### #...# ##.#
'..'.###...#### ####..#
#..#.##.....##. ).##.##
####.##.....##.##D.#..#
#...##.#####.##.uB##.##
#.####.#)..#.##Dpk#..#
##.##..###.#..##Q##..#
##.##.....)#..##.#...#
.##.##.#########@#.#.#
#.##.##.......#.##†..#
.###.##..####...#..###
###...##....#####.##
###.####..#[...#..#
#...########.##..#
##.#..###..#..#...#
#..##..###.#.##...####
#..)##..##...#.......#


You could see a death knight (reflects damage), a boulder beetle, an
eight-headed hydra, a four-headed hydra, a red ugly thing, a wind drake (repels
missiles) and a tengu warrior.

Vanquished Creatures
  A two-headed ogre (D:10)
  A deep elf pyromancer (D:10)
  A deep troll (D:10)
  A cyclops (D:10)
  Psyche (D:10)
  A komodo dragon (D:10)
  A troll (D:10)
  A hornet (D:10)
  Grinder (D:5)
  A vampire (D:9)
  3 wyverns
  17 yaks
  3 steam dragons
  Menkaure (D:6)
  An acid dragon (D:10)
  3 water moccasins
  6 orc warriors
  A hornet zombie (D:6)
  2 necrophages
  A sky beast (D:7)
  2 ogres
  5 centaurs
  4 kobold brigands
  A gnoll sergeant (D:9)
  A scorpion (D:4)
  2 bullfrogs
  A water moccasin zombie (D:6)
  6 killer bees
  A wight (D:10)
  3 howler monkeys
  A bullfrog zombie (D:7)
  3 centaur zombies
  2 jellies
  8 orc priests
  2 hounds
  6 iguanas
  2 bullfrog skeletons (D:6)
  A gnoll shaman (D:7)
  4 orc wizards
  A hound skeleton (D:4)
  13 adders
  14 gnolls
  3 white imps
  A howler monkey simulacrum (D:10)
  An ufetubus (D:4)
  A worm (D:2)
  5 dart slugs
  17 orcs
  6 endoplasms
  3 giant cockroaches
  13 goblins
  6 hobgoblins
  5 jackals
  16 kobolds
  5 quokkas
  6 ball pythons
  4 bats
  6 frilled lizards
  2 rats (D:1)
  A spectral orc (D:8)
232 creatures vanquished.

Vanquished Creatures (others)
  2 kobolds (D:8)
  31 foxfires
33 creatures vanquished.

Grand Total: 265 creatures vanquished

Notes
Turn   | Place    | Note
-------+----------+-------------------------------------------
     0 | D:1      | dolan1234 the Draconian Fire Elementalist began the quest
                  | for the Orb.
     0 | D:1      | Reached XP level 1. HP: 14/14 MP: 3/3
    49 | D:1      | Found Ylaypneim's Antique Armour Shop.
   207 | D:1      | Reached XP level 2. HP: 17/20 MP: 0/5
   426 | D:1      | Found a faded altar of an unknown god.
   440 | D:1      | Reached XP level 3. HP: 13/26 MP: 6/6
  1492 | D:1      | Learned a level 2 spell: Scorch
  1496 | D:1      | Learned a level 3 spell: Conjure Flame
  2071 | D:2      | Reached XP level 4. HP: 33/34 MP: 7/7
  2327 | D:2      | Reached skill level 1 in Fighting
  2327 | D:2      | Reached skill level 1 in Short Blades
  2509 | D:3      | Reached XP level 5. HP: 40/40 MP: 4/9
  2989 | D:3      | Found a snail-covered altar of Cheibriados.
  3007 | D:3      | Found an opulent altar of Gozag.
  3228 | D:3      | Found a blossoming altar of Fedhas.
  3231 | D:3      | Found a broken altar of Ashenzari.
  3235 | D:3      | Found an ornate altar of the Wu Jian Council.
  3451 | D:4      | Reached XP level 6. HP: 48/48 MP: 3/11
  3548 | D:4      | Found an iron altar of Okawaru.
  3588 | D:4      | Identified the +9 hunting sling "Safox" {freeze, *Slow
                  | rCorr Dex+3}
  4040 | D:5      | Entered Level 5 of the Dungeon
  4040 | D:5      | Noticed Grinder
  4046 | D:5      | Killed Grinder
  4047 | D:5      | Your scales start taking on a golden yellow colour.
  4047 | D:5      | Reached XP level 7. HP: 53/56 MP: 0/13
  4047 | D:5      | Gained mutation: You are resistant to acid. (rCorr) [Yellow
                  | Draconian growth]
  4381 | D:5      | Found Ulizaz's Antique Weapon Shop.
  4451 | D:5      | Reached skill level 5 in Fire Magic
  5007 | D:6      | Noticed Menkaure
  5013 | D:6      | Killed Menkaure
  5230 | D:6      | Reached skill level 5 in Spellcasting
  5355 | D:6      | Reached XP level 8. HP: 63/66 MP: 14/16
  5444 | D:6      | Identified the +0 flail of Conflict {spect, rPois MP+9
                  | Int+3}
  5700 | D:6      | Learned a level 4 spell: Flame Wave
  5780 | D:6      | Learned a level 2 spell: Blink
  5960 | D:6      | Reached skill level 1 in Maces & Flails
  6313 | D:6      | Found a shimmering blue altar of Sif Muna.
  6323 | D:6      | Became a worshipper of Sif Muna the Loreminder
  6508 | D:7      | Reached skill level 5 in Fighting
  6545 | D:7      | Reached XP level 9. HP: 74/74 MP: 19/19
  6888 | D:7      | Reached * piety under Sif Muna
  7030 | D:7      | Found a staircase to the Ecumenical Temple.
  7524 | D:8      | Found a sparkling altar of Nemelex Xobeh.
  7524 | D:8      | Found a sacrificial altar of Ru.
  7524 | D:8      | Found a burning altar of Makhleb.
  7667 | D:8      | Found a flagged portal.
  7676 | Bailey   | Entered a bailey
  7793 | Bailey   | Noticed an orc knight
  8125 | D:8      | Found a basalt altar of Yredelemnul.
  8555 | D:9      | Reached XP level 10. HP: 71/83 MP: 18/22
  8860 | D:9      | Reached ** piety under Sif Muna
  9657 | D:10     | Entered Level 10 of the Dungeon
 10073 | D:10     | Noticed Psyche
 10082 | D:10     | Killed Psyche
 10092 | D:10     | Noticed a boulder beetle
 10093 | D:10     | Noticed a two-headed ogre
 10102 | D:10     | Killed a two-headed ogre
 10103 | D:10     | Reached XP level 11. HP: 38/92 MP: 11/24
 10392 | D:10     | Reached skill level 10 in Fire Magic
 10512 | D:10     | Found a runed translucent door.
 10512 | D:10     | Found a runed translucent door.
 10629 | D:10     | Found a glowing silver altar of Zin.
 10637 | D:10     | Reached skill level 10 in Spellcasting
 11006 | D:10     | Noticed a deep troll
 11025 | D:10     | Killed a deep troll
 11435 | D:10     | Noticed a deep elf pyromancer
 11442 | D:10     | Killed a deep elf pyromancer
 11531 | D:10     | Noticed a death knight
 11534 | D:10     | Noticed a boulder beetle
 11536 | D:10     | Noticed an eight-headed hydra
 11537 | D:10     | Noticed a tengu warrior
 11537 | D:10     | Noticed a four-headed hydra
 11538 | D:10     | Noticed a red ugly thing
 11542 | D:10     | Noticed a tengu warrior
 11543 | D:10     | Shot with a bolt by a tengu warrior

Illustrated notes

Levels and vault maps discovered:
D:1:      dpeg_arrival_water_temple_mockup, layout_basic,
          shapermc_ecumenical_altar_starsandcircs, serial_shops,
          nicolae_shop_competitors_out_of_business
D:2:      layout_basic, minmay_misc_feat_hallway
D:3:      minmay_wonky_spiral, layout_rooms, overflow_temple_1_default,
          mainiacjoe_overflow_catwalk, grunt_temple_overflow_diamond
D:4:      minmay_angry_zag, layout_loops_ring, okawaru_gym_becter
D:5:      layout_basic, serial_shops, nicolae_diamond_shop,
          minmay_misc_feat_ornament, uniq_grinder
D:6:      layout_loops_ring, lemuel_coloured_pillars_altar, kennysheep_donut,
          minmay_checkerbox, uniq_menkaure
D:7:      layout_loops_cross, minmay_temple_entry_mist, serial_aquarium,
          aquarium_bridge_island_small [aquarium_subvault_small_water,
          aquarium_subvault_bridge, aquarium_subvault_wall,
          aquarium_subvault_wall, aquarium_subvault_wall], aquarium_window_1,
          aquarium_window_fake, aquarium_view_2d, aquarium_balcony_double_3,
          aquarium_pool_2, kennysheep_generic_room_13
D:8:      layout_cave_pools, yredelemnul_forgotten_temple_becter,
          chequers_temple_overflow_statue_of_worship, enter_bailey_3
D:9:      layout_irregular_city
D:10:     minmay_the_grid_triangle_9x9_rhombus_full
          [minmay_the_grid_triangle_9x9_empty,
          minmay_the_grid_triangle_9x9_tough_junction,
          minmay_the_grid_triangle_9x9_wacky_v,
          minmay_the_grid_triangle_9x9_minimal,
          minmay_the_grid_triangle_9x9_semitri,
          minmay_the_grid_triangle_9x9_corrupted_corridor,
          minmay_the_grid_triangle_9x9_intruding_spiral,
          minmay_the_grid_triangle_9x9_prize_schism], layout_loops_ring,
          mainiacjoe_overflow_alcove_2, nzn_random_ring, uniq_psyche

Skill      XL: |  1  2  3  4  5  6  7  8  9 10 11 |
---------------+----------------------------------+-----
Dodging        | 2 3 4 |  4.7
Stealth        | 2 |  2.4
Fighting       | 1 2 3 5 6 7 |  7.7
Short Blades   | 1 |  1.2
Fire Magic     | 4 5 6 8 9 10 | 10.5
Spellcasting   | 3 4 5 6 8 9 10 | 10.3
Maces & Flails | 2 3 4 |  4.2
Conjurations   | 2 |  2.4

Action                   |  1- 3 |  4- 6 |  7- 9 | 10-12 || total
-------------------------+-------+-------+-------+-------++-------
Melee: Dagger            |   151 |    47 |       |       ||   198
       Tailslap          |    16 |     7 |    23 |    12 ||    58
       Short sword       |       |    47 |    91 |       ||   138
       Flail             |       |       |   118 |    53 ||   171
 Cast: Foxfire           |    19 |     4 |     3 |     1 ||    27
       Scorch            |     6 |    21 |    87 |    40 ||   154
       Flame Wave        |       |       |    11 |    26 ||    37
 Abil: Breathe Acid      |       |       |     2 |     1 ||     3
 Stab: Sleeping          |     7 |     6 |     5 |       ||    18
Armor: Skin              |    75 |    34 |   109 |    28 ||   246
Dodge: Dodged            |    93 |    66 |   203 |    72 ||   434

Table legend: (Time is in decaauts)
 A = Elapsed time spent in this place.
 B = Non-inter-level travel time spent in this place.
 C = Inter-level travel time spent in this place.
 D = Time resting spent in this place.
 E = Time spent auto-exploring this place.
 F = Levels seen in this place.
 G = Mean time per level.
                   A        B        C        D        E       F      G
               +--------+--------+--------+--------+--------+-----+--------+
         Total |  11553 |  11333 |    220 |   2372 |   6914 |  11 | 1050.3 |
       Dungeon |  11307 |  11087 |    220 |   2334 |   6909 |  10 | 1130.7 |
        Bailey |    245 |    245 |      0 |     38 |      5 |   1 |  245.0 |
               +--------+--------+--------+--------+--------+-----+--------+

Top non-repeatable levels by time:
    D:10: 1893 daAuts
     D:1: 1520 daAuts
     D:9: 1500 daAuts
     D:6: 1475 daAuts
     D:7: 966 daAuts
     D:5: 942 daAuts
     D:2: 921 daAuts
     D:3: 862 daAuts
     D:4: 716 daAuts
     D:8: 507 daAuts
  Bailey: 245 daAuts
